Map: Lost and Found LE

Players

Swatopluke

  • Race: Protoss Protoss
  • League: Platinum
  • Spawn Location: 7:00

NOdie - Winner!

  • Race: Terran Terran
  • League: Platinum
  • Spawn Location: 1:00

VOD

Have the link to the VOD?

Description

Time

  • Played on: Nov. 13, 2018, 12:25 p.m.
  • Length: 6:12
Show
View Real Time Build Order
Export as new Build Order

Swatopluke Protoss 

Build Orders:  

Get SALT Encoding   

  12  0:00  Probe  
  13  0:12  Probe  
  14  0:18  Pylon  
  14  0:25  Probe  
  15  0:36  Probe, Gateway  
  16  0:44  Probe  
  16  0:46  Assimilator  
  17  0:52  Probe  
  18  1:03  Probe  
  18  1:05  Gateway  
  19  1:15  Probe  
  20  1:22  Cybernetics Core  
  20  1:27  Probe  
  21  1:39  Probe  
  22  1:41  Assimilator  
  22  1:43  Pylon  
  22  1:51  Probe  
  22  1:52  Adept  
  23  1:59  Warp Gate  
  23  2:01  Adept  
  27  2:03  Probe  
  28  2:18  Adept  
  29  2:32  Adept  
  29  2:38  Robotics Facility  
  29  2:48  Stalker  
  31  3:13  Probe  
  31  3:19  Stalker  
  28  3:31  Pylon  
  28  3:32  Pylon  
  26  3:35  Pylon  
  26  3:36  Pylon  
  22  4:04  Immortal  
  22  4:07  Pylon x2  
  22  4:30  Stalker  
  24  4:33  Probe  
  25  4:45  Probe  
  19  4:57  Probe  
  11  5:05  Immortal  
  9  5:31  Probe  
Show
View Real Time Build Order
Export as new Build Order

NOdie Terran - Winner!

Build Orders:  

Get SALT Encoding   

  12  0:01  SCV  
  13  0:13  SCV  
  14  0:18  Supply Depot  
  14  0:25  SCV  
  15  0:40  SCV  
  16  0:45  Barracks  
  16  0:52  SCV  
  17  1:03  Barracks  
  17  1:06  SCV  
  18  1:18  SCV  
  19  1:28  Supply Depot  
  19  1:30  SCV  
  20  1:35  Marine  
  20  1:36  Supply Depot  
  21  1:42  SCV  
  22  1:51  Marine  
  22  1:53  Marine  
  24  1:54  SCV  
  24  1:59  Bunker  
  25  2:09  Marine, Barracks  
  25  2:11  Marine  
  26  2:31  Marine x2  
  28  2:38  Bunker  
  28  2:49  Marine  
  29  2:57  Bunker  
  29  2:58  Marine x2  
  30  3:06  Marine  
  31  3:13  SCV  
  31  3:15  Marine  
  31  3:16  Marine  
  33  3:24  Marine  
  33  3:25  Barracks, SCV  
  35  3:33  Marine x2  
  36  3:37  SCV  
  37  3:42  Marine  
  38  3:50  SCV  
  39  3:57  Marine  
  39  4:00  Marine  
  39  4:10  SCV  
  39  4:15  Marine x2  
  39  4:23  Marine  
  39  4:24  Supply Depot x2  
  39  4:25  Supply Depot  
  39  4:45  Marine x3, SCV  
  42  5:03  Marine x3  
  44  5:20  Marine x3  
  47  5:31  Refinery  
  47  5:33  Refinery  
  44  5:36  Engineering Bay  
  44  5:38  Marine x3  
  44  5:40  Command Center  
Tags
 
Add a new tag
Caveats
  • Supply blocks, unpowered buildings, or Contaminate may cause inaccurate times.
  • Supply counts are checked every 10 seconds.